 Dungeon Crawl Stone Soup version bcrawl-1.37 (webtiles) character file.

Game seed: 3540089555947485901

108163 Cel the Chopper (level 3, -5/31 HPs)
             Began as a Minotaur Berserker on Sept 25, 2022.
             Was a Believer of Trog.
             Slain by an ice beast (13 damage)
             ... on level 3 of the Dungeon.
             The game lasted 00:03:55 (1943 turns).

Cel the Chopper (Minotaur Berserker)                Turns: 1943, Time: 00:03:55

Health: -5/31      AC:  2    Str: 22    XL:     3   Next: 87%
Magic:  2/2        EV: 12    Int:  4    God:    Trog [**....]
Gold:   164        SH:  0    Dex:  9    Spells: 2/2 levels left

rFire    . . .     GDR:     23% a - +0 hand axe
rCold    . . .     SeeInvis .   (no shield)
rNeg     . . .     Gourm    .   b - +0 animal skin
rPois    .         Faith    .   (helmet restricted)
rElec    .         Spirit   .   (no cloak)
rCorr    .         Reflect  .   (no gloves)
MR       .....                  (no boots)
Stlth    +.........             (no amulet)
HPRegen  0.70/turn              (no ring)
MPRegen  0.08/turn              (no ring)

@: regenerating
A: retaliatory headbutt, horns 2
a: Berserk, Trog's Hand, Renounce Religion


You were on level 3 of the Dungeon.
You worshipped Trog.
Trog was pleased with you.
You were hungry.

You visited 1 branch of the dungeon, and saw 3 of its levels.

You collected 164 gold pieces.

Inventory:

Hand Weapons
 a - a +0 hand axe (weapon)
Missiles
 g - 321 stones (quivered)
Armour
 b - a +0 animal skin (worn)
 p - a cursed +0 cloak
Jewellery
 h - an uncursed amulet of the acrobat {unknown}
Scrolls
 i - a scroll of identify
 j - 2 scrolls of amnesia {unknown}
 k - a scroll of blinking {unknown}
 l - a scroll of noise {unknown}
 q - a scroll of magic mapping {unknown}
 r - a scroll of fear {unknown}
Potions
 c - a potion of might {unknown}
 d - a potion of haste {unknown}
 f - 3 potions of curing {unknown}
 m - 2 potions of resistance {unknown}
 n - a potion of degeneration {unknown}
Comestibles
 e - 2 rations {!d}


   Skills:
 - Level 3.6 Fighting
 + Level 5.9 Axes
 - Level 2.4 Armour
 - Level 2.1 Dodging


You had 2 spell levels left.
You didn't know any spells.
Your spell library was empty.

Dungeon Overview and Level Annotations

Branches:
Dungeon (3/12)

Altars:
Cheibriados
Elyvilon
Lugonu


Innate Abilities, Weirdness & Mutations

You reflexively headbutt those who attack you in melee.
You have a pair of horns on your head.


Message History

You now have 146 gold pieces (gained 6).
You now have 164 gold pieces (gained 18).
Found a stone staircase leading down.
An ice beast comes into view.
You have encountered a dangerous foe!
The ice beast hits you. The ice beast freezes you!
You are too injured to fight recklessly!
Your skin crawls.
You feel quite a bit more hungry. The ice beast hits you.
The ice beast freezes you.
* * * LOW HITPOINT WARNING * * *
You closely miss the ice beast.
You headbutt the ice beast, but do no damage.
You are feeling hungry.
The ice beast hits you but does no damage.
You hit the ice beast.
The ice beast is lightly wounded.
The ice beast hits you.
* * * LOW HITPOINT WARNING * * *
The ice beast freezes you!
You die...

...##.######..
>..##.#
...##.######
...##......#
### ######.#
#.# #.# #####
#.######....#
#......@....#
########Y####
... ####


You could see an ice beast.

Vanquished Creatures
  An ooze (D:2)
  2 dart slugs
  A leopard gecko (D:1)
  An orc (D:2)
  2 ball pythons
  8 bats
  2 giant cockroaches
  4 goblins
  7 hobgoblins
  2 jackals (D:1)
  A quokka (D:2)
  3 frilled lizards
  10 kobolds
  6 rats
50 creatures vanquished.

Notes
Turn   | Place    | Note
-------+----------+-------------------------------------------
     0 | D:1      | Cel the Minotaur Berserker began the quest for the Orb.
     0 | D:1      | Reached XP level 1. HP: 19/19 MP: 0/0
   144 | D:1      | Reached skill level 4 in Axes
   247 | D:1      | Reached XP level 2. HP: 25/26 MP: 1/1
   524 | D:1      | Reached skill level 5 in Axes
   643 | D:1      | Reached XP level 3. HP: 31/31 MP: 2/2
  1133 | D:2      | Reached ** piety under Trog
  1320 | D:2      | Found a corrupted altar of Lugonu.
  1340 | D:2      | Found a white marble altar of Elyvilon.
  1444 | D:2      | Found a snail-covered altar of Cheibriados.
  1939 | D:3      | Noticed an ice beast
  1943 | D:3      | Slain by an ice beast

Skill      XL: |  1  2 |
---------------+-------+-----
Axes           | 4 5 |  5.9
Fighting       | |  3.6
Armour         | |  2.4
Dodging        | |  2.1

Action                   || total
-------------------------++-------
Melee: Hand axe          ||    88
       Headbutt          ||    11
Invok: Berserk           ||     1
       Trog's Hand       ||     1
 Stab: Sleeping          ||     1
  Eat: Chunk             ||     6
Armor: Animal skin       ||    21
Dodge: Dodged            ||    58
